 Dungeon Crawl Stone Soup version 0.30.1-3-gfc49f6343a (webtiles) character file.

Game seed: 4515948317458472092

189 jtron the Chopper (level 5, -2/51 (55) HPs)
             Began as an Ogre Berserker on July 27, 2023.
             Was a Priest of Trog.
             Slain by a wight
             ... wielding a +4 falchion
              (10 damage)
             ... on level 4 of the Dungeon.
             The game lasted 00:06:21 (2520 turns).

jtron the Chopper (Ogre Berserker)                  Turns: 2520, Time: 00:06:22

HP:   -2/51 (55)    AC:  5    Str: 23    XL:     5   Next: 68%
MP:   5/5           EV: 10    Int:  8    God:    Trog [***...]
Gold: 116           SH:  0    Dex:  8    Spells: 4/4 levels left

rFire   . . .        a - +1 hand axe
rCold   . . .        (no shield)
rNeg    . . .        b - +0 animal skin
rPois   .            n - +2 hat
rElec   .            (no cloak)
rCorr   .            (gloves unavailable)
SInv    .            (boots unavailable)
Will    +....        (no amulet)
Stlth   +            j - ring of willpower
HPRegen 0.28/turn    (no ring)
MPRegen 0.09/turn

%: no passive effects
@: drained
A: large, unfitting armour, tough skin 1
a: Renounce Religion, Berserk, Trog's Hand


You were on level 4 of the Dungeon.
You worshipped Trog.
Trog was most pleased with you.
You visited 1 branch of the dungeon, and saw 4 of its levels.

You collected 116 gold pieces.

Inventory:

Hand Weapons
 a - a +1 hand axe (weapon)
Missiles
 e - 33 stones
 k - 6 poisoned darts (quivered)
Armour
 b - a +0 animal skin (worn)
 n - a +2 hat (worn)
Jewellery
 j - a ring of willpower (left hand)
Scrolls
 o - a scroll of fog
Potions
 c - a potion of magic {unknown}
 d - a potion of might
 g - 2 potions of lignification
 i - a potion of heal wounds {unknown}
 l - a potion of degeneration {unknown}
 m - a potion of mutation {unknown}
 p - a potion of haste {unknown}


   Skills:
 + Level 4.9 Fighting
 * Level 5.0 Axes
 + Level 0.1 Throwing
 + Level 3.6 Dodging
 + Level 0.1 Stealth


You had 4 spell levels left.
You didn't know any spells.
Your spell library was empty.

Dungeon Overview and Level Annotations

Branches:
Dungeon (4/15)
 Temple: D:4-7

Altars:
Trog
The Shining One

Shops:
D:2 (?[


Innate Abilities, Weirdness & Mutations

You are too large for most types of armour.
You have tough skin. (AC +1)


Message History

Found a scale mail.
You hit the wight.
The wight is lightly damaged.
The wight hits you with a +0 short sword.
You feel drained.
You closely miss the wight.
The wight is lightly damaged.
The wight hits you with a +0 short sword.
You slash the wight!
The wight is heavily damaged.
The wight hits you with a +0 short sword!
You feel drained.
You closely miss the wight.
The wight is heavily damaged.
The wight closely misses you.
Okay, then.
You're still recovering from your berserk rage.
You hit the wight but do no damage.
The wight is heavily damaged.
You recover from your berserk rage.
You hit the wight.
The wight is severely damaged.
You barely miss the wight.
The wight hits you with a +0 short sword.
The wight hits you with a +4 falchion.
You barely miss the wight. You closely miss the wight.
The wight closely misses you. The wight misses you.
You hit the wight but do no damage.
The wight is severely damaged.
You hit the wight. The wight misses you. The wight hits you with a +4 falchion!
You hit the wight but do no damage.
The wight is severely damaged.
You hit the wight but do no damage.
The wight hits you with a +0 short sword!
* * * LOW HITPOINT WARNING * * *
The wight closely misses you.
The wight hits you with a +0 short sword.
* * * LOW HITPOINT WARNING * * *
The wight hits you with a +4 falchion!
You die...

#.....##..#.#
#.##...
#....#†....#
#.....#
###....))..#.#
#...#..
##......)..####
#.#....
#............#
..#...#
#...###.###...#
..##... ##.
##..# ##.# ..
.... # #..##
... .... #@.#
#.. ....
#[.zz.# ## ..##
........## . #.
..>.....# ##
.######.. #..
###


You could see 2 wights.

Vanquished Creatures
  A wight (D:4)
  An orc wizard (D:3)
  2 adders (D:2)
  A worm (D:2)
  2 dart slugs
  8 orcs
  6 bats
  6 endoplasms
  A giant cockroach (D:1)
  8 goblins
  4 hobgoblins
  8 jackals
  4 quokkas
  12 ball pythons
  A frilled lizard (D:2)
  5 kobolds
  3 rats
73 creatures vanquished.

Notes
Turn   | Place    | Note
-------+----------+-------------------------------------------
     0 | D:1      | jtron the Ogre Berserker began the quest for the Orb.
     0 | D:1      | Reached XP level 1. HP: 24/24 MP: 1/1
     2 | D:1      | Found a faded altar of an unknown god.
    54 | D:1      | Reached XP level 2. HP: 4/32 MP: 2/2
   560 | D:1      | Reached XP level 3. HP: 39/40 MP: 3/3
  1107 | D:2      | Found Ogos Oxt's Antique Armour Shop.
  1174 | D:2      | Reached ** piety under Trog
  1289 | D:2      | Found Zedumo Xouh's Magic Scroll Boutique.
  1476 | D:2      | Reached XP level 4. HP: 40/49 MP: 4/4
  1570 | D:2      | Reached skill level 4 in Axes
  1677 | D:2      | Noticed a +0 demon blade
  1679 | D:2      | Found Isuc Omybyo's Weapon Boutique.
  1681 | D:2      | Noticed a +0 giant club
  2001 | D:3      | Found a glowing golden altar of the Shining One.
  2011 | D:3      | Reached XP level 5. HP: 53/55 MP: 5/5
  2449 | D:4      | Found a bloodstained altar of Trog.
  2479 | D:4      | Reached *** piety under Trog
  2487 | D:4      | Reached skill level 5 in Axes
  2520 | D:4      | Slain by a wight

Illustrated notes

Levels and vault maps discovered:
D:1:      saegor_arrival_simple_b, layout_loops_ring, basic_ecumenical_altar
D:2:      layout_basic, serial_shops, nicolae_shop_mannequins, shop,
          nicolae_shop_tiny_glass
D:3:      layout_rooms, mainiacjoe_overflow_tiny_flanked
D:4:      layout_cave_pools, mainiacjoe_overflow_cross_hatched, temple_fountains

Skill      XL: |  1  2  3  4  5 |
---------------+----------------+-----
Dodging        | 3 |  3.6
Axes           | 4 5 |  5.0
Fighting       | |  4.9
Throwing       | |  0.1
Stealth        | |  0.1

Action                     |  1- 3 |  4- 6 || total
---------------------------+-------+-------++-------
  Melee: Hand axe          |   136 |    84 ||   220
         Punch             |     2 |       ||     2
  Throw: Dart              |       |     6 ||     6
 Invoke: Berserk           |       |     2 ||     2
    Use: Scroll            |     9 |     1 ||    10
 Armour: Animal skin       |    54 |    22 ||    76
  Dodge: Dodged            |    90 |    49 ||   139
